 Dungeon Crawl Stone Soup version 0.31-a0-455-g1a7b003ef0 (webtiles) character file.

Game seed: 18420776154733753991

1377 juan097 the Firebug (level 7, -4/48 (51) HPs)
             Began as a Demonspawn Fire Elementalist on Aug 3, 2023.
             Was an Elder of Ru.
             Engulfed by a cloud of flame (26 damage)
             ... on level 5 of the Dungeon.
             The game lasted 00:24:28 (5590 turns).

juan097 the Firebug (Demonspawn Fire Elementalist)  Turns: 5590, Time: 00:24:29

HP:   -4/48 (51)    AC:  5    Str:  8    XL:     7   Next: 39%
MP:   5/12          EV: 12    Int: 21    God:    Ru [****..]
Gold: 171           SH:  5    Dex: 13    Spells: 3/12 levels left

rFire   . . .        a - staff of conjuration
rCold   . . .        (no shield)
rNeg    . . .        h - +1 leather armour {Will+}
rPois   .            (no helmet)
rElec   .            (no cloak)
rCorr   .            i - +0 pair of gloves
SInv    .            (no boots)
Will    +....        x - amulet of reflection
Stlth   ++           (no ring)
HPRegen 0.28/turn    (no ring)
MPRegen 0.13/turn

%: reflection
@: exhausted, drained
A: spiny 1, inability to use devices, inexperienced 1, big brain 1, demonic
touch 1
a: Renounce Religion, Draw Out Power, Power Leap


You were on level 5 of the Dungeon.
You worshipped Ru.
Ru was greatly pleased with you.
You visited 1 branch of the dungeon, and saw 5 of its levels.

You collected 241 gold pieces.
You spent 70 gold pieces at shops.

Inventory:

Hand Weapons
 b - a +1 hand axe of electrocution
 w - a +0 short sword of venom
Missiles
 e - 8 poisoned darts
 k - 6 javelins
 l - a curare-tipped dart
 p - 7 boomerangs
 v - 2 throwing nets
Armour
 h - a +1 leather armour of willpower (worn)
 i - a +0 pair of gloves (worn)
Magical Staves
 a - a staff of conjuration (weapon)
Jewellery
 x - an amulet of reflection (around neck)
Scrolls
 c - a scroll of enchant weapon {unknown}
 d - a scroll of immolation {unknown}
 m - a scroll of fog {unknown}
 n - a scroll of revelation {unknown}
 s - a scroll of amnesia {unknown}
 t - a scroll of identify
Potions
 f - 2 potions of enlightenment
 g - a potion of magic
 j - a potion of heal wounds
 o - a potion of curing {unknown}
 q - 2 potions of haste {unknown}
 u - 2 potions of attraction {unknown}


   Skills:
 + Level 2.6 Fighting
 + Level 2.5 Dodging
 - Level 3.0 Stealth
 + Level 3.4 Spellcasting
 - Level 4.0 Conjurations
 * Level 1.1 Hexes
 - Level 4.0 Translocations
 + Level 6.2 Fire Magic


You had 3 spell levels left.
You knew the following spells:

 Your Spells              Type           Power      Damage    Failure   Level
a - Foxfire               Conj/Fire      100%       2x1d9     2%          1
b - Scorch                Fire           58%        2d7       2%          2
c - Volatile Blastmotes   Fire/Tloc      50%        2d14      7%          3
d - Inner Flame           Hex/Fire       19%        N/A       12%         3

Your spell library contained the following spells:

 Spells                   Type           Power      Damage    Failure   Level
 Flame Wave               Conj/Fire      37%        2d10      22%         4


Dungeon Overview and Level Annotations

Branches:
Dungeon (5/15)
 Temple: D:4-7

Altars:
Ashenzari
Hepliaklqana
Ru
Yredelemnul

Shops:
D:2 =   D:3 ?   D:4 (

Annotations:
D:4 Eustachio
D:5 1 runed translucent door, sunglassesatnite's ghost, amateur MiFi


Innate Abilities, Weirdness & Mutations

You are partially covered in sharp spines.
You cannot study or use magical devices.
You are somewhat inexperienced. (-1 XL)
You have an unusually large brain. (Int +2)
Your touch may inflict minor irresistible damage on your foes.


Message History

Aim: Edmund, wielding a +1 flail of protection and wearing a +0 leather armour (chance to affect: 74%) Edmund struggles to resist.
Casting: Inner Flame (dangerous; 12% risk of failure)
Confirm with . or Enter, or press ? or * to list all spells.
Aiming: Inner Flame (dangerous; 12% risk of failure)
Press: ? - help, Dir - move target, f/p - Edmund
Aim: Edmund, wielding a +1 flail of protection and wearing a +0 leather armour (chance to affect: 74%) Edmund is filled with an inner flame.
The jackal barks!
Casting: Inner Flame (dangerous; 12% risk of failure)
Confirm with . or Enter, or press ? or * to list all spells.
Flames lash Edmund but do no damage.
Sunglassesatnite's ghost says, "Ah, a second chance to prove myself in battle!"
You are restored by drawing out deep reserves of power within.
You feel drained.
Casting: Scorch (safe; 2% risk of failure)
Confirm with . or Enter, or press ? or * to list all spells.
Flames lash Edmund.
Flame seeps out of Edmund.
Edmund is lightly wounded.
Edmund's fire resistance burns away.
Edmund is engulfed in blazing flames.
Flame seeps out of Edmund.
Edmund misses you.
You feel a surge of power!
You conjure some foxfire!
Edmund is engulfed in blazing flames.
Flame seeps out of Edmund.
Edmund completely misses you. Edmund attacks as you move away!
Edmund is struck by your spines.
Flame seeps out of Edmund.
Edmund hits you but does no damage.
The foxfire hits Edmund.
Flame seeps out of Edmund.
Edmund is almost dead.
The foxfire hits Edmund but does no damage.
Edmund is almost dead.
Edmund is engulfed in blazing flames.
Flame seeps out of Edmund.
Casting: Foxfire (safe; 2% risk of failure)
Confirm with . or Enter, or press ? or * to list all spells.
Flames lash Edmund.
Edmund is burned terribly!
Edmund explodes!
The fiery explosion engulfs you!!
Ouch! That really hurt!
You are engulfed in blazing flames.
Ouch! That really hurt!
You die...

#.......###............
###......##⌠##...........
.......##...##h.........
#....##.....##.........
#.####...#⌠.!♣?.⌠#......#
.....†.##.....##..#...# #
#.....##W..##...##..#.# #.
##.....##.##...........
.###..##....§@§#+#.......)....
............#§§...............
.......###..#§§...............
#...... ##.#....<......######
....... ..#.....)..####
....... ..#..........# .......
##............# ##.....
.............#### #.....
.........[....#.##


You could see sunglassesatnite's ghost and a jackal.

Vanquished Creatures
  Grinder (D:3)
  Edmund (D:5)
  An ogre (D:4)
  2 phantoms (D:4)
  A kobold brigand (D:3)
  A water moccasin zombie (D:4)
  3 howler monkeys (D:3)
  2 hounds (D:3)
  4 orc priests
  5 orc wizards
  Natasha (D:2)
  21 gnolls (D:3)
  2 adders
  A white imp (D:5)
  An ufetubus (D:4)
  An adder zombie (D:4)
  3 worms
  A dart slug (D:4)
  31 orcs
  7 bats
  9 endoplasms
  2 giant cockroaches
  4 goblins
  4 hobgoblins
  12 jackals
  6 kobolds
  5 quokkas
  3 training dummies (D:4)
  6 ball pythons
  6 frilled lizards
  7 rats
154 creatures vanquished.

Vanquished Creatures (others)
  372 foxfires
372 creatures vanquished.

Grand Total: 526 creatures vanquished

Notes
Turn   | Place    | Note
-------+----------+-------------------------------------------
     0 | D:1      | juan097 the Demonspawn Fire Elementalist began the quest
                  | for the Orb.
     0 | D:1      | Reached XP level 1. HP: 13/13 MP: 3/3
   324 | D:1      | Gained mutation: You are partially covered in sharp spines.
                  | [demonic ancestry]
   324 | D:1      | Reached XP level 2. HP: 19/19 MP: 3/5
   697 | D:1      | Reached skill level 3 in Fire Magic
   705 | D:1      | Learned a level 2 spell: Scorch
   858 | D:2      | Found a broken altar of Ashenzari.
   898 | D:2      | Found a faded altar of an unknown god.
   918 | D:2      | Prayed at the altar of an unknown god.
   918 | D:2      | Became a worshipper of Ru the Awakened
   930 | D:2      | Gained mutation: You cannot study or use magical devices.
                  | [Ru sacrifice]
   930 | D:2      | Reached * piety under Ru
   930 | D:2      | Reached ** piety under Ru
   998 | D:2      | Gained mutation: Your touch may inflict minor irresistible
                  | damage on your foes. [demonic ancestry]
   998 | D:2      | Reached XP level 3. HP: 23/24 MP: 2/6
  1193 | D:2      | Noticed Natasha
  1201 | D:2      | Killed Natasha
  1202 | D:2      | Reached XP level 4. HP: 30/30 MP: 0/7
  1367 | D:2      | Found Asaocab's One-of-a-Kind Rings.
  1588 | D:2      | Learned a level 3 spell: Volatile Blastmotes
  2239 | D:3      | Found Womp's Magic Scroll Boutique.
  2247 | D:3      | Bought a scroll of teleportation for 42 gold pieces
  2247 | D:3      | Bought a scroll of identify for 28 gold pieces
  2334 | D:3      | Gained mutation: You have an unusually large brain. (Int
                  | +2) [demonic ancestry]
  2334 | D:3      | Reached XP level 5. HP: 36/36 MP: 1/9
  2431 | D:3      | Reached skill level 1 in Fighting
  2437 | D:3      | Reached skill level 1 in Translocations
  2437 | D:3      | Reached skill level 4 in Fire Magic
  2600 | D:3      | Reached XP level 6. HP: 36/43 MP: 4/10
  3219 | D:3      | Noticed Grinder
  3229 | D:3      | Killed Grinder
  3230 | D:3      | Reached skill level 5 in Fire Magic
  3230 | D:3      | Reached XP level 7. HP: 50/50 MP: 1/11
  4485 | D:4      | Reached skill level 6 in Fire Magic
  4487 | D:4      | Gained mutation: You are somewhat inexperienced. (-1 XL)
                  | [Ru sacrifice]
  4487 | D:4      | Reached XP level 6. HP: 44/44 MP: 8/10
  4487 | D:4      | Reached *** piety under Ru
  4487 | D:4      | Reached **** piety under Ru
  4578 | D:4      | Reached XP level 7. HP: 50/50 MP: 6/11
  4915 | D:4      | Found a basalt altar of Yredelemnul.
  5127 | D:4      | Found Cyuceev's Firing Range.
  5203 | D:4      | Noticed Eustachio
  5204 | D:4      | Learned a level 3 spell: Inner Flame
  5240 | D:5      | Entered Level 5 of the Dungeon
  5240 | D:5      | Found a hazy altar of Hepliaklqana.
  5285 | D:5      | Found a runed translucent door.
  5285 | D:5      | Noticed sunglassesatnite's ghost (amateur MiFi)
  5304 | D:5      | Noticed Edmund
  5564 | D:5      | Reached skill level 1 in Hexes
  5590 | D:5      | Killed Edmund
  5590 | D:5      | Engulfed by a cloud of flame

Illustrated notes

Levels and vault maps discovered:
D:1:      ncdulo_lavacross, layout_basic
D:2:      minmay_chambers_of_ones, layout_rooms,
          chequers_ecumenical_altar_island, basic_altar,
          nicolae_shop_unique_rings, uniq_natasha
D:3:      lemuel_castle_with_subvaults [lemuel_castle_interior_original],
          layout_loops_ring, serial_shops, shop_fountains, uniq_grinder
D:4:      layout_basic, lemuel_zombie_altar_yredelemnul, st_stairs_5,
          nicolae_shop_firing_range, uniq_eustachio
D:5:      layout_cave_pools, mainiacjoe_overflow_tiny_flanked,
          kennysheep_little_box, minmay_temple_entry_wispy,
          portal_sewer_entry_a, hellmonk_ghost_happy_afterlife, uniq_edmund

Skill      XL: |  1  2  3  4  5  6  7 |
---------------+----------------------+-----
Stealth        | 2 3 |  3.0
Fire Magic     | 3 4 5 6 |  6.2
Conjurations   | 2 3 4 |  4.0
Fighting       | 1 2 |  2.6
Translocations | 1 2 4 |  4.0
Spellcasting   | 3 |  3.4
Dodging        | 2 |  2.5
Hexes          | 1 |  1.1

Action                     |  1- 3 |  4- 6 |  7- 9 || total
---------------------------+-------+-------+-------++-------
  Melee: Unarmed           |     3 |       |       ||     3
         Hand axe          |       |    11 |     8 ||    19
         Dagger            |       |     2 |       ||     2
         Touch             |       |     2 |     2 ||     4
         Staff             |       |       |     6 ||     6
   Cast: Foxfire           |    41 |    79 |    93 ||   213
         Scorch            |     4 |    20 |    41 ||    65
         Inner Flame       |       |       |     2 ||     2
         Volatile Blastmot |       |       |     1 ||     1
 Invoke: Sacrifice Artific |     1 |       |       ||     1
         Sacrifice Experie |       |     1 |       ||     1
         Draw Out Power    |       |       |     2 ||     2
         Power Leap        |       |       |     1 ||     1
    Use: Scroll            |       |     2 |     1 ||     3
   Stab: Sleeping          |       |     1 |       ||     1
 Armour: Robe              |     1 |       |       ||     1
         Leather armour    |       |     6 |     5 ||    11
  Dodge: Dodged            |     5 |    10 |    26 ||    41
  Block: Other             |       |       |     7 ||     7

Table legend: (Time is in decaauts)
 A = Elapsed time spent in this place.
 B = Non-inter-level travel time spent in this place.
 C = Inter-level travel time spent in this place.
 D = Time resting spent in this place.
 E = Time spent auto-exploring this place.
 F = Levels seen in this place.
 G = Mean time per level.
                   A        B        C        D        E       F      G
               +--------+--------+--------+--------+--------+-----+--------+
         Total |   5614 |   5469 |    145 |    294 |   3871 |   5 | 1122.8 |
       Dungeon |   5614 |   5469 |    145 |    294 |   3871 |   5 | 1122.8 |
               +--------+--------+--------+--------+--------+-----+--------+

Top non-repeatable levels by time:
     D:3: 2113 daAuts
     D:4: 1330 daAuts
     D:2: 1107 daAuts
     D:1: 917 daAuts
     D:5: 146 daAuts
